NCAA
PITTSBURGH PANTHERS @ FLORIDA GATORS
05/13/2026
 
TOP OF THE 1ST
Pittsburgh Panthers batting - Pitching for Florida Gators : RHP Dave Guzmán
Pitching: RHP Dave Guzmán
Batting: SHB Tim Mullen 0-0: Foul Ball, location: 2F
0-1: Foul Ball, location: 2F
0-2: Foul Ball, location: 2F
0-2: SINGLE (Groundball, 56D)
Batting: RHB Ron Johnson 0-0: Ball
1-0: Called Strike
Tim Mullen steals 2nd base
1-1: Swinging Strike
1-2: Strikes out swinging
Batting: RHB Ismael Ortíz 0-0: Called Strike
Tim Mullen is caught stealing 3rd base
0-1: Ball
1-1: Ball
2-1: SINGLE (Groundball, 5D)
Batting: RHB Pete Woods 0-0: Ball
1-0: Ball
2-0: Called Strike
2-1: Foul Ball, location: 2F
2-2: Strikes out swinging
Top of the 1st over - 0 run(s), 2 hit(s), 0 error(s), 1 left on base; Pittsburgh 0 - Florida 0
BOTTOM OF THE 1ST
Florida Gators batting - Pitching for Pittsburgh Panthers : RHP John Silva
Pitching: RHP John Silva
Batting: LHB Bob MacDonald 0-0: Ball
1-0: Ball
2-0: Ball
3-0: Base on Balls
Batting: RHB Seth Burgess 0-0: Swinging Strike
0-1: SINGLE (Line Drive, 4MD)
Bob MacDonald to second
Runner from 2nd tries for 3rd, SAFE, throw made to third
Batting: RHB Butch Richardson 0-0: Called Strike
0-1: Ball
1-1: Called Strike
1-2: Ground out 4-3 (Groundball, 4MS)
Bob MacDonald scores
Seth Burgess to second
Batting: RHB Jon Newsome 0-0: Swinging Strike
0-1: Ball
1-1: Called Strike
1-2: Foul Ball, location: 2F
1-2: Ball
2-2: Ball
3-2: Base on Balls
Batting: RHB Luis Morales 0-0: Ball
1-0: Ball
Wild Pitch!
Seth Burgess to third
Jon Newsome to second
2-0: Ball
3-0: Base on Balls
Batting: RHB Artie Jackson 0-0: Ball
1-0: Grounds into double play, U6-3 (Groundball, 6)
Bottom of the 1st over - 1 run(s), 1 hit(s), 0 error(s), 2 left on base; Pittsburgh 0 - Florida 1
TOP OF THE 2ND
Pittsburgh Panthers batting - Pitching for Florida Gators : RHP Dave Guzmán
Batting: LHB Alonso Carbajal 0-0: Called Strike
0-1: Ball
1-1: SINGLE (Line Drive, 89S)
Batting: RHB Bobby Cooper 0-0: Called Strike
0-1: Ball
1-1: Ball
2-1: Called Strike
2-2: Foul Ball, location: 2F
2-2: Fly out, F8 (Flyball, 8LXD)
Batting: LHB Michael Melton 0-0: Called Strike
0-1: SINGLE (Line Drive, 4MD)
Alonso Carbajal to second
Batting: LHB Mike Hanson 0-0: Fielders Choice at 2nd, 3-6 (Groundball, 3)
Alonso Carbajal to third
Batting: RHB Henry Edwards 0-0: Fly out, F6 (Popup, 6D)
Top of the 2nd over - 0 run(s), 2 hit(s), 0 error(s), 2 left on base; Pittsburgh 0 - Florida 1
BOTTOM OF THE 2ND
Florida Gators batting - Pitching for Pittsburgh Panthers : RHP John Silva
Batting: RHB Manny Gutiérrez 0-0: Ball
1-0: Ball
2-0: Foul Ball, location: 2F
2-1: Ball
3-1: Base on Balls
Batting: SHB Pedro Rodríguez 0-0: Ball
1-0: Foul Ball, location: 2F
1-1: Fielders Choice at 2nd, 4-6 (Groundball, 34)
Batting: RHB Marshall Normore 0-0: Called Strike
0-1: Ball
1-1: Ball
2-1: Foul Ball, location: 2F
2-2: Hit by Pitch
Pedro Rodríguez to second
Batting: LHB Bob MacDonald 0-0: Ball
1-0: Called Strike
1-1: Ball
2-1: Swinging Strike
2-2: Fly out, F7 (Popup, 6D)
Batting: RHB Seth Burgess 0-0: SINGLE (Line Drive, 8RS)
Pedro Rodríguez to third
Marshall Normore to second
Batting: RHB Butch Richardson 0-0: Ground out 4-3 (Groundball, 13)
Bottom of the 2nd over - 0 run(s), 1 hit(s), 0 error(s), 3 left on base; Pittsburgh 0 - Florida 1
TOP OF THE 3RD
Pittsburgh Panthers batting - Pitching for Florida Gators : RHP Dave Guzmán
Batting: SHB Tim Mullen 0-0: Called Strike
0-1: Ball
1-1: Ground out 6-3 (Groundball, 6)
Batting: RHB Ron Johnson 0-0: Called Strike
0-1: Called Strike
0-2: Foul Ball, location: 2F
Single, Error in OF, E8, batter to second base
Batting: RHB Ismael Ortíz 0-0: Foul Ball, location: 2F
0-1: Fly out, F4 (Line Drive, 34)
Batting: RHB Pete Woods 0-0: Ball
1-0: Foul Ball, location: 2F
1-1: Foul Ball, location: 2F
1-2: Ball
2-2: Ball
3-2: Foul Ball, location: 2F
3-2: Base on Balls
Batting: LHB Alonso Carbajal 0-0: Ball
1-0: Called Strike
1-1: Ball
2-1: Ball
3-1: Base on Balls
Ron Johnson to third
Pete Woods to second
Batting: RHB Bobby Cooper 0-0: SINGLE (Line Drive, 78M)
Ron Johnson scores
Pete Woods to third
Alonso Carbajal to second
Runner from 3rd tries for Home, SAFE, no throw or cutoff
Batting: LHB Michael Melton 0-0: Ball
1-0: Called Strike
1-1: Called Strike
1-2: Strikes out swinging
Top of the 3rd over - 2 run(s), 2 hit(s), 1 error(s), 2 left on base; Pittsburgh 2 - Florida 1
BOTTOM OF THE 3RD
Florida Gators batting - Pitching for Pittsburgh Panthers : RHP John Silva
Batting: RHB Jon Newsome 0-0: Ball
1-0: Ball
2-0: Ground out 6-3 (Groundball, 6)
Batting: RHB Luis Morales 0-0: Called Strike
0-1: Ball
1-1: Ball
2-1: Called Strike
2-2: Foul Ball, location: 2F
2-2: Ground out 5-3 (Groundball, 56)
Batting: RHB Artie Jackson 0-0: SOLO HOME RUN (Flyball, 7LD), Distance : 319 ft
Batting: RHB Manny Gutiérrez 0-0: Ball
1-0: SINGLE (Line Drive, 6MD)
Batting: SHB Pedro Rodríguez 0-0: Fielders Choice at 2nd, 6-4 (Groundball, 6MS)
Bottom of the 3rd over - 1 run(s), 2 hit(s), 0 error(s), 0 left on base; Pittsburgh 2 - Florida 2
TOP OF THE 4TH
Pittsburgh Panthers batting - Pitching for Florida Gators : RHP Dave Guzmán
Batting: LHB Mike Hanson 0-0: Ball
1-0: SOLO HOME RUN (Flyball, 89XD), Distance : 386 ft
Batting: RHB Henry Edwards 0-0: Ground out 1-3 (Groundball, 13)
Batting: SHB Tim Mullen 0-0: Ball
1-0: Ground out 5-3 (Groundball, 5L)
Batting: RHB Ron Johnson 0-0: Called Strike
0-1: Ball
1-1: SINGLE (Groundball, 3L)
Batting: RHB Ismael Ortíz 0-0: Ball
1-0: Called Strike
1-1: Called Strike
Ron Johnson steals 2nd base
1-2: Foul Ball, location: 2F
1-2: Ground out 6-3 (Groundball, 6)
Top of the 4th over - 1 run(s), 2 hit(s), 0 error(s), 1 left on base; Pittsburgh 3 - Florida 2
BOTTOM OF THE 4TH
Florida Gators batting - Pitching for Pittsburgh Panthers : RHP John Silva
Batting: RHB Marshall Normore 0-0: Called Strike
0-1: Called Strike
0-2: Ball
1-2: Foul Ball, location: 2F
1-2: Strikes out swinging
Batting: LHB Bob MacDonald 0-0: Called Strike
0-1: Ball
1-1: Ball
2-1: Fly out, F4 (Line Drive, 4)
Batting: RHB Seth Burgess 0-0: Called Strike
0-1: Called Strike
0-2: Ground out 1-3 (Groundball, 13)
Bottom of the 4th over - 0 run(s), 0 hit(s), 0 error(s), 0 left on base; Pittsburgh 3 - Florida 2
TOP OF THE 5TH
Pittsburgh Panthers batting - Pitching for Florida Gators : RHP Dave Guzmán
Batting: RHB Pete Woods 0-0: Swinging Strike
0-1: Ball
1-1: Called Strike
1-2: Strikes out swinging
Batting: LHB Alonso Carbajal 0-0: Foul Ball, location: 2F
0-1: Swinging Strike
0-2: Ball
1-2: Foul Ball, location: 2F
1-2: Fly out, F7 (Line Drive, 7M)
Batting: RHB Bobby Cooper 0-0: Swinging Strike
0-1: Foul Ball, location: 2F
0-2: Ball
1-2: Ball
2-2: Fly out, F9 (Popup, 9S)
Top of the 5th over - 0 run(s), 0 hit(s), 0 error(s), 0 left on base; Pittsburgh 3 - Florida 2
BOTTOM OF THE 5TH
Florida Gators batting - Pitching for Pittsburgh Panthers : RHP John Silva
Batting: RHB Butch Richardson 0-0: Called Strike
0-1: Ball
1-1: Foul Ball, location: 2F
1-2: Ball
2-2: Ball
3-2: Strikes out looking
Batting: RHB Jon Newsome 0-0: Foul Ball, location: 2F
0-1: Ball
1-1: Foul Ball, location: 2F
1-2: Ball
2-2: Ball
3-2: Foul Ball, location: 2F
3-2: Foul Ball, location: 2F
3-2: Base on Balls
Pitching: RHP Jesús Muros
Batting: RHB Luis Morales 0-0: Foul Ball, location: 2F
0-1: Swinging Strike
0-2: Foul Ball, location: 2F
0-2: DOUBLE (Line Drive, 5L)
Jon Newsome to third
Batting: RHB Artie Jackson 0-0: Ball
1-0: Fly out, F9 (Flyball, 9M)
Runner from 3rd tags up, SCORES, throw made
Batting: RHB Manny Gutiérrez 0-0: Ball
1-0: Ball
2-0: Ball
3-0: Base on Balls
Batting: SHB Pedro Rodríguez 0-0: Called Strike
0-1: Ball
1-1: Hit by Pitch
Luis Morales to third
Manny Gutiérrez to second
Batting: RHB Marshall Normore 0-0: Foul Ball, location: 2F
0-1: Ball
1-1: Fielders Choice at 2nd, 6-4 (Groundball, 6MS)
Bottom of the 5th over - 1 run(s), 1 hit(s), 0 error(s), 2 left on base; Pittsburgh 3 - Florida 3
TOP OF THE 6TH
Pittsburgh Panthers batting - Pitching for Florida Gators : RHP Dave Guzmán
Pitching: LHP John Polk
Batting: LHB Michael Melton 0-0: Called Strike
0-1: Fly out, F5 (Popup, 5SF)
Batting: LHB Mike Hanson 0-0: Ball
1-0: Ball
2-0: Ground out 4-3 (Groundball, 4)
Batting: RHB Henry Edwards 0-0: Ball
1-0: Fly out, F6 (Line Drive, 6)
Top of the 6th over - 0 run(s), 0 hit(s), 0 error(s), 0 left on base; Pittsburgh 3 - Florida 3
BOTTOM OF THE 6TH
Florida Gators batting - Pitching for Pittsburgh Panthers : RHP Jesús Muros
Batting: LHB Bob MacDonald 0-0: SINGLE (Line Drive, 34)
Batting: RHB Seth Burgess 0-0: Foul Ball, location: 2F
0-1: Called Strike
0-2: Ball
1-2: Ball
2-2: Fly out, F9 (Flyball, 89M)
Batting: RHB Butch Richardson 0-0: Swinging Strike
0-1: Hit by Pitch
Bob MacDonald to second
Batting: RHB Jon Newsome 0-0: Swinging Strike
0-1: Ball
1-1: Swinging Strike
1-2: Foul Ball, location: 2F
1-2: Ball
2-2: Strikes out swinging
Batting: RHB Luis Morales 0-0: Ball
1-0: Ball
2-0: Foul Ball, location: 2F
2-1: Ball
3-1: Fly out, F7 (Flyball, 78M)
Bottom of the 6th over - 0 run(s), 1 hit(s), 0 error(s), 2 left on base; Pittsburgh 3 - Florida 3
TOP OF THE 7TH
Pittsburgh Panthers batting - Pitching for Florida Gators : LHP John Polk
Batting: SHB Tim Mullen 0-0: Ball
1-0: Ball
2-0: Ball
3-0: Base on Balls
Batting: RHB Ron Johnson 0-0: Ball
1-0: Ball
2-0: Ball
3-0: Called Strike
3-1: Called Strike
3-2: Foul Ball, location: 2F
3-2: Strikes out swinging
Batting: RHB Ismael Ortíz 0-0: Called Strike
0-1: Ball
1-1: Ball
2-1: Ball
Passed Ball!
Tim Mullen to second
3-1: Intentional Walk
Batting: RHB Pete Woods 0-0: Foul Ball, location: 2F
0-1: Called Strike
0-2: Strikes out swinging
Batting: LHB Alonso Carbajal 0-0: Foul Ball, location: 2F
0-1: Called Strike
0-2: Ball
1-2: Foul Ball, location: 2F
1-2: Ball
2-2: Ball
3-2: Strikes out swinging
Top of the 7th over - 0 run(s), 0 hit(s), 0 error(s), 2 left on base; Pittsburgh 3 - Florida 3
BOTTOM OF THE 7TH
Florida Gators batting - Pitching for Pittsburgh Panthers : RHP Jesús Muros
Pitching: LHP Harry Gordon
Batting: RHB Artie Jackson 0-0: Called Strike
0-1: Foul Ball, location: 2F
0-2: Ball
1-2: Strikes out looking
Batting: RHB Manny Gutiérrez 0-0: Ball
1-0: Fly out, F9 (Flyball, 9M)
Batting: SHB Pedro Rodríguez 0-0: Called Strike
0-1: Called Strike
0-2: Ball
1-2: Ball
2-2: SINGLE (Groundball, 6MD)
Batting: RHB Marshall Normore 0-0: Ball
1-0: Foul Ball, location: 2F
1-1: Called Strike
1-2: Ball
2-2: Strikes out swinging
Bottom of the 7th over - 0 run(s), 1 hit(s), 0 error(s), 1 left on base; Pittsburgh 3 - Florida 3
TOP OF THE 8TH
Pittsburgh Panthers batting - Pitching for Florida Gators : LHP John Polk
Pitching: LHP Curt Mitchell
Batting: RHB Bobby Cooper 0-0: Ground out 6-3 (Groundball, 6S)
Batting: LHB Michael Melton 0-0: Fly out, F8 (Flyball, 8RS)
Batting: LHB Mike Hanson 0-0: Swinging Strike
0-1: SOLO HOME RUN (Flyball, 9LD), Distance : 332 ft
Batting: RHB Henry Edwards 0-0: Ball
1-0: Called Strike
1-1: Ball
2-1: Swinging Strike
2-2: Ball
3-2: Base on Balls
Batting: SHB Tim Mullen 0-0: Ball
1-0: Swinging Strike
1-1: Ball
2-1: Foul Ball, location: 2F
2-2: Foul Ball, location: 2F
2-2: Foul Ball, location: 2F
2-2: Foul Ball, location: 2F
2-2: Ball
3-2: Foul Ball, location: 2F
3-2: Base on Balls
Henry Edwards to second
Batting: RHB Ron Johnson 0-0: Foul Ball, location: 2F
0-1: Foul Ball, location: 2F
0-2: Ball
1-2: Foul Ball, location: 2F
1-2: SINGLE (Groundball, 4MD)
Henry Edwards to third
Tim Mullen to second
Runner from 3rd tries for Home, SAFE, no throw or cutoff
Batting: RHB Ismael Ortíz 0-0: Ball
1-0: Called Strike
1-1: Ball
2-1: Ball
3-1: Base on Balls
Tim Mullen to third
Ron Johnson to second
Batting: RHB Pete Woods 0-0: Ball
1-0: Called Strike
1-1: Fly out, F9 (Flyball, 9LMF)
Top of the 8th over - 2 run(s), 2 hit(s), 0 error(s), 3 left on base; Pittsburgh 5 - Florida 3
BOTTOM OF THE 8TH
Florida Gators batting - Pitching for Pittsburgh Panthers : LHP Harry Gordon
Batting: LHB Bob MacDonald 0-0: Ball
1-0: Swinging Strike
1-1: Ball
2-1: Called Strike
2-2: Ground out 6-3 (Groundball, 6)
Batting: RHB Seth Burgess 0-0: Ball
1-0: Ground out 1-3 (Groundball, 15)
Batting: RHB Butch Richardson 0-0: Called Strike
0-1: Swinging Strike
0-2: Foul Ball, location: 2F
0-2: SOLO HOME RUN (Flyball, 8LXD), Distance : 402 ft
Pitching: RHP Chris Day
Batting: RHB Jon Newsome 0-0: Called Strike
0-1: Foul Ball, location: 2F
0-2: Foul Ball, location: 2F
0-2: Foul Ball, location: 2F
0-2: Ball
1-2: Ball
2-2: Strikes out looking
Bottom of the 8th over - 1 run(s), 1 hit(s), 0 error(s), 0 left on base; Pittsburgh 5 - Florida 4
TOP OF THE 9TH
Pittsburgh Panthers batting - Pitching for Florida Gators : LHP Curt Mitchell
Pitching: LHP Ryan McKibbin
Batting: LHB Alonso Carbajal 0-0: Called Strike
0-1: Ball
1-1: Called Strike
1-2: Foul Ball, location: 2F
1-2: Ball
2-2: Ball
3-2: Foul Ball, location: 2F
3-2: Ground out U3 (Groundball, 3L)
Batting: RHB Bobby Cooper 0-0: SINGLE (Groundball, 34S)
Batting: LHB Michael Melton 0-0: Fielders Choice at 2nd, 2-6 (Groundball, 2R)
Batting: LHB Mike Hanson 0-0: Ball
1-0: Ball
2-0: Ball
3-0: Base on Balls
Michael Melton to second
Batting: RHB Henry Edwards 0-0: Fly out, F6 (Line Drive, 56)
Top of the 9th over - 0 run(s), 1 hit(s), 0 error(s), 2 left on base; Pittsburgh 5 - Florida 4
BOTTOM OF THE 9TH
Florida Gators batting - Pitching for Pittsburgh Panthers : RHP Chris Day
Pitching: RHP Paul Bryant
Batting: RHB Luis Morales 0-0: Called Strike
0-1: Called Strike
0-2: Fly out, F7 (Line Drive, 78M)
Batting: RHB Artie Jackson 0-0: SINGLE (Groundball, 34D) (infield hit)
Batting: RHB Manny Gutiérrez 0-0: Ball
1-0: SINGLE (Groundball, 6MD)
Artie Jackson to second
Batting: SHB Pedro Rodríguez 0-0: Called Strike
0-1: Swinging Strike
0-2: Strikes out swinging
Batting: RHB Marshall Normore 0-0: Ball
1-0: Called Strike
1-1: Fly out, F4 (Popup, 8RS)
Bottom of the 9th over - 0 run(s), 2 hit(s), 0 error(s), 2 left on base; Pittsburgh 5 - Florida 4
Monday, December 5th, 2016 - OOTP Baseball 17.12 Build 75